 Dungeon Sprint DCSS version 0.23.0-3-gf3c87f2 (webtiles) character file.

Game seed: 14551259325769068941

5369 nuthulu the Unseen (level 10, -11/60 HPs)
             Began as a Spriggan Assassin on Feb 21, 2019.
             Was the Champion of Dithmenos.
             Mangled by a war gargoyle
             ... wielding a cursed -1 flail
              (14 damage)
             ... in the Dungeon (Sprint VII: "The Pits").
             The game lasted 00:05:43 (2356 turns).

nuthulu the Unseen (Spriggan Assassin)              Turns: 2356, Time: 00:05:43

Health: -11/60     AC:  4    Str:  7    XL:     10   Next: 39%
Magic:  3/11       EV: 39    Int: 13    God:    Dithmenos [******]
Gold:   0          SH:  0    Dex: 21    Spells: 9/9 levels left

rFire    . . .     SeeInvis +   a - +2 dagger
rCold    . . .     Gourm    .   (shield restricted)
rNeg     + + +     Faith    .   t - +1 robe {MR+}
rPois    ∞         Spirit   .   (helmet restricted)
rElec    .         Reflect  .   d - +0 cloak
rCorr    .         Harm     .   (gloves unavailable)
MR       +++++     NoTele   +   (boots unavailable)
Stlth    ++++++++++             (no amulet)
HPRegen  0.20/turn              j - +3 ring of evasion
MPRegen  0.12/turn              u - +3 ring of evasion

@: shadow-form (expiring), wreathed by umbra, lightly drained, invisible
(expiring), very quick
A: very small, unfitting armour, see invisible, herbivore, speed 3, slow
metabolism 2
a: End Transformation, Shadow Step, Shadow Form, Renounce Religion


You were in the Dungeon.
You worshipped Dithmenos.
Dithmenos was exalted by your worship.
You were not hungry.
You were a swirling mass of dark shadows.
You visited 1 branch

Inventory:

Hand Weapons
 a - a +2 dagger (weapon)
 b - a +0 blowgun
 i - a +0 dagger of venom
Missiles
 e - 8 poisoned needles
 f - 2 curare-tipped needles
Armour
 c - a +0 robe
 d - a +0 cloak (worn)
 t - a +1 robe of magic resistance (worn)
Jewellery
 j - a +3 ring of evasion (left hand)
 u - a +3 ring of evasion (right hand)
Scrolls
 m - a scroll of blinking
 o - 3 scrolls of remove curse
 p - 5 scrolls of amnesia
 q - a scroll of summoning
Potions
 h - 9 potions of curing
 k - 4 potions of magic
 l - a potion of berserk rage
 n - 2 potions of invisibility
 r - 11 potions of heal wounds
 s - a potion of lignification {unknown}
 v - a potion of might
Comestibles
 g - 9 rations


   Skills:
 + Level 10.7(10.0) Fighting
 + Level 13.5(12.8) Short Blades
 - Level 2.0(1.4) Throwing
 + Level 16.7(15.9) Dodging
 + Level 18.5(17.8) Stealth


You had 9 spell levels left.
You didn't know any spells.
Your spell library was empty.

Dungeon Overview and Level Annotations

Branches:
Dungeon (1/1)

Altars:
Ashenzari
Cheibriados
Dithmenos
Elyvilon
Fedhas
Gozag
Hepliaklqana
Kikubaaqudgha
Makhleb
Nemelex Xobeh
Okawaru
Qazlal
Ru
Sif Muna
Trog
Uskayaw
Vehumet
Wu Jian
Xom
Yredelemnul
Zin
The Shining One
Beogh
Jiyva
Lugonu


Innate Abilities, Weirdness & Mutations

You are very small and have problems with some larger weapons.
You are too small for most types of armour.
You have supernaturally acute eyesight. (SInv)
You are a herbivore.
You cover ground extremely quickly.
You need to consume almost no food.


Message History

Your transformation is almost over.
The war gargoyle completely misses you.
You hit the war gargoyle but do no damage.
You hit the war gargoyle but do no damage.
The war gargoyle completely misses you.
Your +0 dagger of venom stops dripping with poison.
a - a +2 dagger (weapon)
The war gargoyle launches metal splinters at you.
The spray of metal splinters misses you.
You hit the war gargoyle but do no damage.
Your shadow hits the war gargoyle but does no damage.
You hit the war gargoyle but do no damage.
Your shadow hits the war gargoyle but does no damage.
The war gargoyle completely misses you.
You hit the war gargoyle but do no damage.
The war gargoyle completely misses you.
You barely miss the war gargoyle.
You hit the war gargoyle but do no damage.
The war gargoyle hits you with a cursed -1 flail!!
You die...

#### __.# __.#
...###########++######
##'##................#
)'.##......#..#§.....#
##.##.........§.§§§§.+
....'.........§§§§§..+
#####......#..#9W§§..#
..)##.........§§§§§..#
##'#####'#####§§######
)).##.......##§§# ####
...##.......##..# ##...#
'####.......##..# #+# .......
...##...<...##..# ##.## ...S#
. ...##.......##..#
##.§§##...# .
...##.......##..####..s§§##s##
##


You could see a war gargoyle.

Vanquished Creatures
  A two-headed ogre (D)
  A lindwurm (D)
  Pikel (D)
  2 deep elf magi (D)
  A manticore (D)
  A merfolk siren (D)
  A smoke demon (D)
  A komodo dragon (D)
  A demonic crawler (D)
  A flying skull (D)
  A shadow (D)
  3 wyverns (D)
  A basilisk (D)
  A warg (D)
  A porcupine (D)
  Purgy (D)
  A slave (D)
  An ice beast (D)
  A crocodile (D)
  A big kobold (D)
  An orc wizard (D)
  An iguana (D)
  A worker ant (D)
  A gnoll (D)
  An adder (D)
  2 orcs (D)
  A giant cockroach (D)
  2 hobgoblins (D)
  2 kobolds (D)
  2 quokkas (D)
37 creatures vanquished.

Vanquished Creatures (others)
  A rat (D)
1 creature vanquished.

Grand Total: 38 creatures vanquished

Notes
Turn   | Place    | Note
-------+----------+-------------------------------------------
     0 | D        | nuthulu the Spriggan Assassin began the quest for the Orb.
     0 | D        | Reached XP level 1. HP: 10/10 MP: 2/2
     9 | D        | Noticed a worker ant
    12 | D        | Killed a worker ant
    12 | D        | Reached skill level 7 in Stealth
    12 | D        | Reached XP level 2. HP: 16/16 MP: 3/3
    15 | D        | Found a bloodstained altar of Trog.
    15 | D        | Found a deep blue altar of Sif Muna.
    15 | D        | Found a viscous altar of Jiyva.
    15 | D        | Found a hazy altar of Hepliaklqana.
    15 | D        | Found an opulent altar of Gozag.
    16 | D        | Found a glowing golden altar of the Shining One.
    16 | D        | Found a glowing silver altar of Zin.
    16 | D        | Found a basalt altar of Yredelemnul.
    16 | D        | Found a shimmering altar of Xom.
    16 | D        | Found an ornate altar of the Wu Jian Council.
    16 | D        | Found a sacrificial altar of Ru.
    16 | D        | Found a stormy altar of Qazlal.
    16 | D        | Found an iron altar of Okawaru.
    16 | D        | Found a sparkling altar of Nemelex Xobeh.
    16 | D        | Found a burning altar of Makhleb.
    16 | D        | Found a blossoming altar of Fedhas.
    16 | D        | Found a white marble altar of Elyvilon.
    16 | D        | Found a shadowy altar of Dithmenos.
    16 | D        | Found a snail-covered altar of Cheibriados.
    17 | D        | Found a radiant altar of Vehumet.
    17 | D        | Found a corrupted altar of Lugonu.
    17 | D        | Found a roughly hewn altar of Beogh.
    18 | D        | Found a hide-covered altar of Uskayaw.
    18 | D        | Found an ancient bone altar of Kikubaaqudgha.
    18 | D        | Found a shattered altar of Ashenzari.
    24 | D        | Became a worshipper of Dithmenos the Shadowed
   191 | D        | Reached * piety under Dithmenos
   196 | D        | Reached XP level 3. HP: 19/19 MP: 4/4
   221 | D        | Reached ** piety under Dithmenos
   230 | D        | Reached skill level 5 in Dodging
   230 | D        | Reached skill level 8 in Stealth
   251 | D        | HP: 1/20 [orc wizard/+0 dagger (4)]
   254 | D        | Reached *** piety under Dithmenos
   254 | D        | Reached skill level 5 in Short Blades
   254 | D        | Reached XP level 4. HP: 14/25 MP: 5/5
   408 | D        | Noticed a slave
   409 | D        | Noticed Pikel
   409 | D        | Noticed a slave
   412 | D        | Noticed a warg
   417 | D        | Killed a slave
   418 | D        | Noticed a slave
   664 | D        | Noticed a slave
   670 | D        | Noticed a porcupine
   907 | D        | Killed Pikel
   907 | D        | Reached skill level 10 in Dodging
   907 | D        | Reached skill level 12 in Stealth
   907 | D        | Reached XP level 5. HP: 26/32 MP: 6/6
   907 | D        | Reached XP level 6. HP: 31/37 MP: 7/7
   907 | D        | Reached XP level 7. HP: 34/41 MP: 8/8
   934 | D        | Reached skill level 13 in Stealth
  1152 | D        | Reached **** piety under Dithmenos
  1282 | D        | Noticed a lindwurm
  1284 | D        | Killed a lindwurm
  1284 | D        | Reached skill level 10 in Short Blades
  1284 | D        | Reached skill level 14 in Stealth
  1284 | D        | Reached XP level 8. HP: 47/47 MP: 9/9
  1286 | D        | Noticed a deep elf mage
  1286 | D        | Noticed a deep elf mage
  1286 | D        | Noticed Purgy
  1290 | D        | Killed Purgy
  1318 | D        | Killed a deep elf mage
  1318 | D        | Reached ***** piety under Dithmenos
  1318 | D        | Reached skill level 15 in Stealth
  1321 | D        | Killed a deep elf mage
  1321 | D        | Reached skill level 16 in Stealth
  1321 | D        | Reached XP level 9. HP: 7/53 MP: 10/10
  1727 | D        | Noticed a smoke demon
  1746 | D        | Killed a smoke demon
  1746 | D        | Reached skill level 15 in Dodging
  1746 | D        | Reached skill level 17 in Stealth
  1962 | D        | Noticed a two-headed ogre
  1962 | D        | Noticed a merfolk siren
  1962 | D        | Noticed a komodo dragon
  1967 | D        | Killed a two-headed ogre
  1967 | D        | Reached ****** piety under Dithmenos
  1967 | D        | Reached skill level 10 in Fighting
  1971 | D        | Killed a komodo dragon
  1971 | D        | Reached XP level 10. HP: 59/59 MP: 11/11
  1973 | D        | Killed a merfolk siren
  2000 | D        | Reached skill level 18 in Stealth
  2263 | D        | Noticed a manticore
  2264 | D        | Noticed a smoke demon
  2266 | D        | Killed a manticore
  2267 | D        | Noticed a phantasmal warrior
  2276 | D        | Noticed a war gargoyle
  2278 | D        | Noticed an orange demon
  2293 | D        | Noticed a wolf spider
  2343 | D        | HP: 1/60 [war gargoyle/cursed -1 flail (13)]
  2356 | D        | Mangled by a war gargoyle

Skill      XL: |  1  2  3  4  5  6  7  8  9 10 |
---------------+-------------------------------+-----
Fighting       | 2 3 6 7 9 10 | 10.7
Short Blades   | 3 5 8 10 11 12 13 | 13.5
Dodging        | 4 6 10 12 14 15 16 | 16.7
Stealth        | 7 8 12 14 16 17 18 | 18.5
Throwing       | |  2.0

Action                   |  1- 3 |  4- 6 |  7- 9 | 10-12 || total
-------------------------+-------+-------+-------+-------++-------
Melee: Dagger            |    55 |    23 |   109 |    69 ||   256
Invok: Shadow Form       |       |       |       |     1 ||     1
  Use: Potion            |     1 |       |     3 |       ||     4
 Stab: Sleeping          |     3 |     1 |     9 |     5 ||    18
Armor: Robe              |     6 |       |     2 |       ||     8
Dodge: Dodged            |    35 |    18 |    65 |    41 ||   159
